 Dungeon Crawl Stone Soup version 0.23-a0-182-g58cdd98 (webtiles) character file.

736 Amnesiac the Cutter (level 7, -7/51 HPs)
             Began as a Mummy Monk on Sept 21, 2018.
             Was a Believer of Ru.
             Mangled by Menkaure (14 damage)
             ... on level 4 of the Dungeon.
             The game lasted 00:07:23 (4483 turns).

Amnesiac the Cutter (Mummy Monk)                    Turns: 4483, Time: 00:07:25

Health: -7/51      AC:  8    Str: 16    XL:     7   Next: 46%
Magic:  0/7        EV: 11    Int: 10    God:    Ru [**....]
Gold:   121        SH:  0    Dex: 14    Spells: 4/6 levels left

rFire    x . .     SeeInvis .   a - +0 short sword
rCold    + . .     Gourm    .   (no shield)
rNeg     + + +     Faith    .   g - +3 ring mail
rPois    ∞         Spirit   +   (no helmet)
rElec    .         Reflect  .   d - scarf {cloud immunity}
rCorr    .         Harm     .   (no gloves)
MR       .....                  (no boots)
Stlth    +.........             b - amulet of guardian spirit
HPRegen  0.17/turn              (no ring)
MPRegen  0.10/turn              (no ring)

@: no status effects
A: no food or potions, fire vulnerability, cold resistance 1, negative energy
resistance 3, torment resistance, unbreathing, unskilled 1
a: Renounce Religion


You were on level 4 of the Dungeon.
You worshipped Ru.
Ru was pleased with you.
You were not hungry.

You visited 1 branch of the dungeon, and saw 5 of its levels.

You collected 121 gold pieces.

Inventory:

Hand Weapons
 a - a +0 short sword (weapon)
Armour
 d - a scarf of cloud immunity (worn)
 g - a +3 ring mail (worn)
Jewellery
 b - an amulet of guardian spirit (around neck)
Scrolls
 c - 2 scrolls of remove curse {!r}
 e - 3 scrolls of enchant armour {!r}
 f - a scroll of noise {!r}
 h - a scroll of teleportation {!r}
 j - 2 scrolls of fog {!r}


   Skills:
 - Level 2.6 Fighting
 + Level 6.7 Short Blades
 - Level 2.1 Dodging
 - Level 1.4 Stealth


You had 4 spell levels left.
You knew the following spells:

 Your Spells              Type           Power        Failure   Level  Hunger
a - Sticks to Snakes      Tmut           #.......     73%         2    N/A

Your spell library contained the following spells:

 Spells                   Type           Power        Failure   Level  Hunger
 Beastly Appendage        Tmut           Unusable     N/A         1    N/A
 Spider Form              Tmut/Pois      Unusable     N/A         3    N/A
 Ice Form                 Ice/Tmut       Unusable     N/A         4    N/A
 Blade Hands              Tmut           Unusable     N/A         5    N/A

Dungeon Overview and Level Annotations

Branches:
Dungeon (5/15)
 Temple: D:4-7

Altars:
Elyvilon
Kikubaaqudgha
Qazlal
Ru
Sif Muna

Annotations:
D:3 dig/blink to identify
D:4 3 runed doors, Menkaure; grindst0ne's ghost, novice GnTm


Innate Abilities, Weirdness & Mutations

You do not eat or drink.
Your flesh is vulnerable to fire.
You are immune to poison.
Your flesh is cold resistant. (rC+)
You are immune to negative energy. (rN+++)
You are immune to unholy pain and torment.
You can survive without breathing.
You are somewhat unskilled. (-1 Apt)


Message History

You destroy the phantom!
No target in view!
No target in view!
No target in view!
No target in view!
No target in view!
No target in view!
No target in view!
No target in view!
No target in view!
No target in view!
No target in view!
No target in view!
No target in view!
No target in view!
No target in view!
No target in view!
No target in view!
You start resting.
Magic restored.
A quokka skeleton comes into view.
A quokka skeleton is nearby!
Menkaure, Prince of Dust comes into view.
The quokka skeleton bites you but does no damage.
Menkaure moves out of view.
You hit the quokka skeleton.
The quokka skeleton is severely damaged.
The quokka skeleton misses you.
Menkaure shouts!
You hit the quokka skeleton.
The quokka skeleton is severely damaged.
The quokka skeleton bites you but does no damage.
You hit the quokka skeleton.
You destroy the quokka skeleton!
Menkaure mumbles some strange words.
Menkaure seems to speed up.
You hit Menkaure but do no damage. Menkaure closely misses you.
You hit Menkaure.
Menkaure is moderately damaged.
Menkaure hits you.
You hit Menkaure.
Menkaure is moderately damaged.
You hit Menkaure.
Menkaure is heavily damaged.
Menkaure barely misses you.
You hit Menkaure but do no damage.
Menkaure is heavily damaged.
Menkaure hits you!!
* * * LOW HITPOINT WARNING * * *
You hit Menkaure but do no damage.
Menkaure is heavily damaged.
Menkaure closely misses you.
You hit Menkaure but do no damage.
Menkaure is heavily damaged.
Menkaure is stunned by your will and fails to attack.
Evoke which item? (* to show all) (? for menu, Esc to quit)
Aiming: Cloud Cone
Press: ? - help, Dir - move target cursor, f - Menkaure
Aim: Menkaure (heavily damaged, fast)
You create a blast of noxious fumes!
The now-empty wand crumbles to dust.
Menkaure hits you!
* * * LOW HITPOINT WARNING * * *
Menkaure hits you!
You die...

....... #......o.# ##
.......#####........####.
....... .........<..##...
...§§§. #...........###..
...§§§§##...........#.##_
...§§§§...............#..
.....§§§#...#####.#######
#.....#M.............<...
##...###@...####.........
#.....#........##........
..#.#...#...##.###.......
.##.....#...##.##........
........#####....#.#####
.....#..######.....#####
#...###....##.>.#.......
.....#..................
#.........#######......


You could see Menkaure.

Vanquished Creatures
  Pikel (D:4)
  3 slaves
  A phantom (D:4)
  An orc priest (D:3)
  An orc wizard (D:4)
  3 adders
  An ooze (D:3)
  2 worms (D:2)
  2 dart slugs
  6 leopard geckos
  20 orcs
  6 giant cockroaches
  9 goblins
  5 hobgoblins
  4 jackals
  7 kobolds
  2 quokkas
  7 bats
  5 frilled lizards
  A quokka skeleton (D:4)
  5 rats
92 creatures vanquished.

Vanquished Creatures (others)
  An ogre (D:4)
  An orc wizard (D:4)
  Crazy Yiuf (D:3)
  A leopard gecko (D:4)
  A goblin (D:3)
5 creatures vanquished.

Grand Total: 97 creatures vanquished

Notes
Turn   | Place    | Note
-------+----------+-------------------------------------------
     0 | D:1      | Amnesiac the Mummy Monk began the quest for the Orb.
     0 | D:1      | Reached XP level 1. HP: 18/18 MP: 1/1
   241 | D:1      | Reached skill level 3 in Short Blades
   241 | D:1      | Reached XP level 2. HP: 21/24 MP: 2/2
   901 | D:2      | Reached XP level 3. HP: 27/29 MP: 3/3
  1182 | D:2      | Found a sacrificial altar of Ru.
  1237 | D:2      | Became a worshipper of Ru the Awakened
  1242 | D:2      | Gained mutation: You are somewhat unskilled. (-1 Apt) [Ru
                  | sacrifice]
  1242 | D:2      | Reached * piety under Ru
  1242 | D:2      | Reached ** piety under Ru
  1652 | D:2      | Reached XP level 4. HP: 34/34 MP: 4/4
  1899 | D:3      | Reached skill level 4 in Short Blades
  2255 | D:3      | Reached XP level 5. HP: 39/39 MP: 5/5
  2459 | D:3      | Learned a level 2 spell: Sticks to Snakes
  2506 | D:3      | Found a runed door.
  2849 | D:3      | Noticed Crazy Yiuf
  2853 | D:3      | Killed Crazy Yiuf
  2920 | D:4      | Noticed a slave
  2920 | D:4      | Noticed a slave
  2956 | D:3      | Killed a slave
  3041 | D:3      | Killed a slave
  3205 | D:4      | Found an ancient bone altar of Kikubaaqudgha.
  3205 | D:4      | Found a deep blue altar of Sif Muna.
  3206 | D:4      | Found a white marble altar of Elyvilon.
  3451 | D:5      | Entered Level 5 of the Dungeon
  3500 | D:4      | Found a runed gate.
  3501 | D:4      | Noticed grindst0ne's ghost (novice GnTm)
  3501 | D:4      | Found a runed gate.
  3502 | D:4      | Found a runed gate.
  3586 | D:4      | Noticed a phantom
  3881 | D:4      | Noticed a slave
  3883 | D:4      | Noticed Pikel
  3944 | D:4      | Noticed a slave
  4204 | D:4      | Found a stormy altar of Qazlal.
  4236 | D:4      | Killed Pikel
  4236 | D:4      | Reached skill level 6 in Short Blades
  4236 | D:4      | Reached XP level 6. HP: 24/46 MP: 2/6
  4236 | D:4      | Reached XP level 7. HP: 27/51 MP: 2/7
  4469 | D:4      | Noticed Menkaure
  4483 | D:4      | Mangled by Menkaure

Vault maps used:
D:1:      dpeg_arrival_pond
D:2:      overflow_temple_1_default
D:3:      first_ration, minmay_statues_item, uniq_crazy_yiuf_cottage
D:4:      grunt_dithmenos_smoke_and_mirrors, overflow_temple_1_default,
          gammafunk_temple_overflow_forgotten, biasface_ghost_orc_armoury,
          minmay_strange_pillars, uniq_pikel, uniq_menkaure
D:5:      temple_statues, solitary_fountain

Skill      XL: |  1  2  3  4  5 |
---------------+----------------+-----
Short Blades   | 3 4 6 |  6.7
Fighting       | 2 |  2.6
Dodging        | |  2.1
Stealth        | |  1.4

Action                   |  1- 3 |  4- 6 |  7- 9 || total
-------------------------+-------+-------+-------++-------
Melee: Short sword       |   136 |   328 |    57 ||   521
Invok: Sacrifice Skill   |     1 |       |       ||     1
Evoke: Wand              |       |     2 |     1 ||     3
  Use: Scroll            |     4 |     1 |       ||     5
 Stab: Sleeping          |     3 |       |       ||     3
       Distracted        |       |     2 |     1 ||     3
Armor: Ring mail         |    47 |   122 |    12 ||   181
       Robe              |     4 |       |       ||     4
Dodge: Dodged            |    72 |   172 |    15 ||   259

Table legend:
 A = Non-vault XP
 B = Vault XP
 C = Vault XP percentage of total XP
 D = Non-vault monster count
 E = Vault monster count
 F = Vault count percentage of total count
                 A         B        C        D         E       F
            +---------+---------+-------+---------+---------+-------
      Total |     423 |     629 |  59.8 |      88 |       1 |   1.1
            +---------+---------+-------+---------+---------+-------
        D:1 |      38 |       0 |   0.0 |      20 |       0 |   0.0
        D:2 |      64 |       0 |   0.0 |      19 |       0 |   0.0
        D:3 |     128 |       0 |   0.0 |      37 |       0 |   0.0
        D:4 |     193 |     629 |  76.5 |      12 |       1 |   7.7
            +---------+---------+-------+---------+---------+-------
